 Dungeon Crawl Stone Soup version 0.23-a0-422-g30b1108 (webtiles) character file.

75 AymanAU the Skirmisher (level 4, -1/40 HPs)
             Began as a Minotaur Fighter on Nov 14, 2018.
             Hit by a silver tomahawk thrown by an orc warrior (15 damage)
             ... on level 2 of the Dungeon.
             The game lasted 00:02:23 (1313 turns).

AymanAU the Skirmisher (Minotaur Fighter)           Turns: 1313, Time: 00:02:24

Health: -1/40      AC:  7    Str: 21    XL:     4   Next: 11%
Magic:  3/3        EV:  8    Int:  5    God:
Gold:   139        SH:  9    Dex: 10    Spells: 3/3 levels left

rFire    . . .     SeeInvis .   a - +0 war axe
rCold    . . .     Gourm    .   c - +0 shield
rNeg     . . .     Faith    .   i - +0 scale mail
rPois    .         Spirit   .   (helmet restricted)
rElec    .         Reflect  .   (no cloak)
rCorr    .         Harm     .   (no gloves)
MR       .....                  (no boots)
Stlth    ..........             (no amulet)
HPRegen  0.13/turn              (no ring)
MPRegen  0.08/turn              (no ring)

@: no status effects
A: retaliatory headbutt, horns 2
a: no special abilities


You were on level 2 of the Dungeon.
You were not hungry.

You visited 1 branch of the dungeon, and saw 2 of its levels.

You collected 139 gold pieces.

Inventory:

Hand Weapons
 a - a +0 war axe (weapon)
 b - a +0 hunting sling
Missiles
 e - 2 bolts
 k - 44 arrows
 Z - 78 stones (quivered)
Armour
 c - a +0 shield (worn)
 i - a +0 scale mail (worn)
Jewellery
 t - an uncursed ring of resist corrosion {unknown}
Scrolls
 g - a scroll of amnesia {unknown}
 j - a scroll of fog {unknown}
 l - 2 scrolls of teleportation {unknown}
 m - a scroll of noise {unknown}
 o - 2 scrolls of magic mapping {unknown}
 q - a scroll of identify {unknown}
 r - a scroll of remove curse {unknown}
Potions
 d - a potion of might
 h - a potion of brilliance {unknown}
 n - a potion of invisibility {unknown}
 p - a potion of flight {unknown}
 s - a potion of curing {unknown}
Comestibles
 f - 2 chunks of flesh
 z - 5 rations


   Skills:
 + Level 4.2 Fighting
 * Level 3.6 Axes
 + Level 4.1 Armour
 + Level 1.3 Dodging
 + Level 4.1 Shields


You had 3 spell levels left.
You didn't know any spells.
Your spell library was empty.

Dungeon Overview and Level Annotations

Branches:
Dungeon (2/15)

Altars:


Innate Abilities, Weirdness & Mutations

You reflexively headbutt those who attack you in melee.
You have a pair of horns on your head.


Message History

You closely miss the orc wizard.
The orc wizard is heavily wounded.
The orc warrior throws a silver tomahawk.
The silver tomahawk hits you.
The orc wizard drinks a potion.
The orc wizard seems to speed up.
You miss the orc wizard.
The orc wizard is heavily wounded.
The orc wizard points at you and mumbles some strange words.
The puff of frost hits you!
* * * LOW HITPOINT WARNING * * *
The orc warrior throws a silver tomahawk.
The silver tomahawk closely misses you. You block the orc wizard's attack.
The orc warrior throws a silver tomahawk.
You block the silver tomahawk.
The orc wizard gestures wildly while chanting.
The orc wizard blinks!
The orc wizard hits you but does no damage.
The orc warrior throws a silver tomahawk.
The silver tomahawk hits you!
You die...

.# .....###.##.#
.. .#. #.##.####
#§ #.##....# #.#
#.#####.# ..
#.##....# #o
#.##.#### #.##
#.....## #. #o(#
## ###....#
#.###@#
.######....# #.#
#.##...........#
#.#
#..#.######.#..#
#.####.#.#
#.#..# #..#
#.#.## #÷#..#
#..###....#
#.####
#...###...## #.#
#.#.###....# #.#
#÷#........# #.#


You could see an orc warrior and an orc wizard.

Vanquished Creatures
  An adder (D:2)
  An ooze (D:1)
  2 worms (D:2)
  3 dart slugs
  5 bats
  A giant cockroach (D:2)
  A goblin (D:1)
  5 hobgoblins
  2 jackals (D:2)
  5 kobolds
  2 quokkas (D:2)
  3 frilled lizards
  20 rats
51 creatures vanquished.

Notes
Turn   | Place    | Note
-------+----------+-------------------------------------------
     0 | D:1      | AymanAU the Minotaur Fighter began the quest for the Orb.
     0 | D:1      | Reached XP level 1. HP: 19/19 MP: 0/0
    41 | D:1      | Reached XP level 2. HP: 22/27 MP: 1/1
   241 | D:1      | Reached skill level 1 in Dodging
   286 | D:1      | Reached XP level 3. HP: 33/33 MP: 2/2
  1176 | D:2      | Reached XP level 4. HP: 34/40 MP: 3/3
  1307 | D:2      | Noticed an orc warrior
  1313 | D:2      | Hit by a silver tomahawk thrown by an orc warrior

Vault maps used:
D:1:      ncdulo_wetmaze, serial_bayou, serial_bayou_shore_a,
          serial_bayou_ford_a, serial_bayou_shore_b, serial_bayou_pond_c,
          minmay_rat_gold_closets
D:2:      chequers_temple_overflow_minitemple, first_ration,
          minmay_misc_feat_square

Skill      XL: |  1  2  3 |
---------------+----------+-----
Axes           | 3 |  3.6
Fighting       | 4 |  4.2
Dodging        | 1 |  1.3
Shields        | 4 |  4.1
Armour         | 4 |  4.1

Action                   |  1- 3 |  4- 6 || total
-------------------------+-------+-------++-------
Melee: War axe           |   115 |    16 ||   131
       Headbutt          |    15 |     1 ||    16
  Eat: Chunk             |     1 |     1 ||     2
Armor: Scale mail        |    44 |     6 ||    50
Dodge: Dodged            |    39 |     9 ||    48
Block: Shield            |    56 |     8 ||    64

Table legend:
 A = Non-vault XP
 B = Vault XP
 C = Vault XP percentage of total XP
 D = Non-vault monster count
 E = Vault monster count
 F = Vault count percentage of total count
                 A         B        C        D         E       F
            +---------+---------+-------+---------+---------+-------
      Total |      98 |      10 |   9.3 |      41 |      10 |  19.6
            +---------+---------+-------+---------+---------+-------
        D:1 |      39 |      10 |  20.4 |      20 |      10 |  33.3
        D:2 |      59 |       0 |   0.0 |      21 |       0 |   0.0
            +---------+---------+-------+---------+---------+-------
